 Dungeon Crawl Stone Soup version 0.21.1-1-g345015f (webtiles) character file.

396 Fang the Chopper (level 6, -7/39 HPs)
             Began as a Gargoyle Berserker on Apr 30, 2018.
             Was a Priest of Trog.
             Killed by divine providence
             ... invoked by an orc priest
              (14 damage)
             ... on level 4 of the Dungeon.
             The game lasted 00:06:10 (2771 turns).

Fang the Chopper (Gargoyle Berserker)               Turns: 2771, Time: 00:06:11

Health: -7/39      AC:  7    Str: 22    XL:     6   Next: 82%
Magic:  6/6        EV: 12    Int:  8    God:    Trog [***...]
Gold:   116        SH:  0    Dex:  9    Spells: 5/5 levels left

rFire    . . .     SeeInvis +   a - +0 hand axe
rCold    . . .     Gourm    .   (no shield)
rNeg     + . .     Faith    .   b - +1 animal skin
rPois    ∞         Spirit   .   (no helmet)
rElec    +         Reflect  .   (no cloak)
rCorr    .         Harm     .   (no gloves)
MR       .....                  (no boots)
Stlth    +.........             (no amulet)
HPRegen  0.13/turn              l - ring of see invisible
MPRegen  0.10/turn              (no ring)

@: berserk cooldown, slowed, very slow
A: negative energy resistance 1, electricity resistance, unbreathing,
petrification resistance, rot immunity, AC +4
a: Berserk, Trog's Hand, Burn Spellbooks, Renounce Religion


You were on level 4 of the Dungeon.
You worshipped Trog.
Trog was most pleased with you.
You were near starving.

You visited 1 branch of the dungeon, and saw 4 of its levels.

You collected 116 gold pieces.

Inventory:

Hand Weapons
 a - a +0 hand axe (weapon)
Armour
 b - a +1 animal skin (worn)
Jewellery
 l - a ring of see invisible (left hand)
Scrolls
 d - 2 scrolls of identify
 i - 4 scrolls of remove curse
Potions
 e - a potion of mutation
 f - a potion of lignification
 g - a potion of haste {unknown}
 h - 5 potions of curing
 j - a potion of cancellation {unknown}
 n - a potion of might
Comestibles
 c - 6 rations


   Skills:
 + Level 4.6 Fighting
 + Level 5.4 Axes
 + Level 2.3 Armour
 + Level 2.6 Dodging
 + Level 1.4 Stealth


You had 5 spell levels left.
You didn't know any spells.

Dungeon Overview and Level Annotations

Branches:
Dungeon (4/15)             Temple (0/1) D:4

Altars:
Qazlal
Sif Muna
Trog


Innate Abilities, Weirdness & Mutations

You are resistant to torment.
Your stone body is resilient. (AC +4)
You are immune to poison.
You resist negative energy. (rN+)
You are resistant to electric shocks. (rElec)
You can survive without breathing.
You are immune to petrification.
You are immune to rotting.


Message History

a scythe; a robe; the human corpse of Sigmund
Found a staircase to the Ecumenical Temple.
An orc comes into view. It is wielding a flail of protection.
An orc comes into view. It is wielding a dagger.
The orc shouts!
You hear a shout!
An orc comes into view. It is wielding a flail.
An orc comes into view. It is wielding a flail.
The orc shouts!
An orc priest comes into view.
The orc shouts!
The orc priest shouts!
The orc shouts!
You hit the orc.
The orc is heavily wounded.
You slash the orc!
You kill the orc!
Trog accepts your kill.
You barely miss the orc. The orc hits you but does no damage.
You barely miss the orc. You closely miss the orc.
The orc priest calls down the wrath of Beogh upon you.
Beogh smites you!
You die...

#.# ≈≈≈.>.≈≈≈≈≈≈.....
≈≈≈...≈≈≈≈≈≈.##.#
≈≈≈≈≈≈≈≈≈≈≈≈.##.#
≈≈≈≈≈≈≈≈≈≈≈..##.# #
≈≈≈≈≈≈≈≈≈.....#.#.#
..≈≈≈≈≈.......#.#.###
....o.o.......#.....#
#o@.....)..#.#.#
#.##.....#.#.#.#
..##.....†....#(# ##
#.##
#..........#.###. ..
#.............##. ##
###....#####..##.
..............##.
###....####......
#.#.#####>###..


You could see an orc priest and 2 orcs.

Vanquished Creatures
  Sigmund (D:4)
  An orc priest (D:3)
  2 orc wizards (D:3)
  3 adders (D:2)
  A shadow imp (D:3)
  An ooze (D:3)
  3 worms (D:2)
  3 dart slugs
  5 leopard geckos
  8 orcs
  3 giant cockroaches
  8 hobgoblins
  9 jackals
  7 kobolds
  A quokka (D:2)
  3 ball pythons
  9 bats
  5 frilled lizards (D:1)
  6 goblins
  7 rats
86 creatures vanquished.

Vanquished Creatures (others)
  A jackal (D:4)
1 creature vanquished.

Grand Total: 87 creatures vanquished

Notes
Turn   | Place    | Note
-------+----------+-------------------------------------------
     0 | D:1      | Fang the Gargoyle Berserker began the quest for the Orb.
     0 | D:1      | Reached XP level 1. HP: 14/14 MP: 1/1
   161 | D:1      | Reached XP level 2. HP: 15/19 MP: 2/2
   186 | D:1      | Reached skill level 3 in Axes
   267 | D:1      | Reached XP level 3. HP: 20/24 MP: 3/3
   503 | D:1      | You fall through a shaft!
   573 | D:2      | Reached ** piety under Trog
   806 | D:2      | Reached XP level 4. HP: 20/29 MP: 4/4
  1016 | D:2      | Reached skill level 4 in Axes
  1549 | D:2      | Found a bloodstained altar of Trog.
  1549 | D:2      | Found a deep blue altar of Sif Muna.
  1834 | D:3      | Reached XP level 5. HP: 18/33 MP: 5/5
  1973 | D:3      | Reached *** piety under Trog
  2133 | D:3      | Found a stormy altar of Qazlal.
  2171 | D:3      | Reached skill level 1 in Stealth
  2679 | D:3      | Reached XP level 6. HP: 38/38 MP: 6/6
  2731 | D:4      | Noticed Sigmund
  2760 | D:4      | Killed Sigmund
  2760 | D:4      | Reached skill level 5 in Axes
  2764 | D:4      | Found a staircase to the Ecumenical Temple.
  2771 | D:4      | Killed from afar by an orc priest

Skill      XL: |  1  2  3  4  5  6 |
---------------+-------------------+-----
Axes           | 3 4 5 |  5.4
Dodging        | 2 |  2.6
Fighting       | 4 |  4.6
Stealth        | 1 |  1.4
Armour         | |  2.3

Action                   |  1- 3 |  4- 6 || total
-------------------------+-------+-------++-------
Melee: Hand axe          |   101 |   160 ||   261
Invok: Berserk           |       |     2 ||     2
  Use: Scroll            |       |    10 ||    10
  Eat: Chunk             |       |     6 ||     6
Armor: Animal skin       |    54 |    74 ||   128
Dodge: Dodged            |   107 |   111 ||   218
